 Dungeon Crawl Stone Soup version 0.21.1-1-g345015f (webtiles) character file.

84 tidbits the Insei (level 4, -10/34 HPs)
             Began as a Gnoll Transmuter on Feb 19, 2018.
             Splashed by Ijyb's acid (19 damage)
             ... on level 3 of the Dungeon.
             The game lasted 00:03:48 (315 turns).

tidbits the Insei (Gnoll Transmuter)                 Turns: 315, Time: 00:03:49

Health: -10/34     AC:  8    Str: 13    XL:     4   Next: 45%
Magic:  1/11       EV: 15    Int: 16    God:
Gold:   67         SH:  0    Dex: 15    Spells: 7/13 levels left

rFire    . . .     SeeInvis .     - Unarmed
rCold    . . .     Gourm    .   (no shield)
rNeg     . . .     Faith    .   b - +0 robe
rPois    +         Spirit   .   E - -1 helmet of Free Expression {rPois Stlth+} (curse)
rElec    .         Reflect  .   (no cloak)
rCorr    .         Harm     .   (no gloves)
MR       .....                  (no boots)
Stlth    +++.......             (no amulet)
HPRegen  0.11/turn              U - +6 ring of protection
MPRegen  0.12/turn              (no ring)

@: very slightly contaminated
A: distributed training, fangs 1, strong nose
a: no special abilities


You were on level 3 of the Dungeon.
You were full.

You visited 1 branch of the dungeon, and saw 3 of its levels.

You collected 67 gold pieces.

Inventory:

Missiles
 a - 10 arrows
 h - 16 sling bullets
Armour
 b - a +0 robe (worn)
 E - the cursed -1 helmet of Free Expression (worn) {rPois Stlth+}
   (You took it off Robin on level 2 of the Dungeon)

   It protects you from poison.
   It makes you more stealthy.
   It has a curse placed upon it.
Jewellery
 U - a +6 ring of protection (left hand)
   (You found it on level 2 of the Dungeon)
Scrolls
 e - a scroll of blinking {unknown}
 f - a scroll of teleportation {unknown}
 g - a scroll of enchant weapon {unknown}
 i - a scroll of identify {unknown}
 j - a scroll of enchant armour {unknown}
Books
 c - a book of Changes

   Spells                             Type                      Level
   a - Beastly Appendage              Transmutation                1
   b - Sticks to Snakes               Transmutation                2
   c - Spider Form                    Transmutation/Poison         3
   d - Ice Form                       Ice/Transmutation            4
   e - Blade Hands                    Transmutation                5
Comestibles
 d - a ration


   Skills:
 + Level 2.7 Fighting
 + Level 1.1 Short Blades
 + Level 1.1 Long Blades
 + Level 1.1 Axes
 + Level 1.1 Maces & Flails
 + Level 1.1 Polearms
 + Level 1.1 Staves
 + Level 1.1 Slings
 + Level 1.1 Bows
 + Level 1.1 Crossbows
 + Level 1.1 Throwing
 + Level 1.1 Armour
 + Level 4.6 Dodging
 + Level 1.1 Stealth
 + Level 1.1 Shields
 + Level 6.6 Unarmed Combat
 + Level 5.1 Spellcasting
 + Level 0.9 Conjurations
 + Level 0.9 Hexes
 + Level 0.9 Charms
 + Level 0.9 Summonings
 + Level 0.9 Necromancy
 + Level 0.9 Translocations
 + Level 3.8 Transmutations
 + Level 0.9 Fire Magic
 + Level 0.9 Ice Magic
 + Level 0.9 Air Magic
 + Level 0.9 Earth Magic
 + Level 0.9 Poison Magic
 + Level 1.2 Invocations
 + Level 1.1 Evocations


You had 7 spell levels left.
You knew the following spells:

 Your Spells              Type           Power        Failure   Level  Hunger
e - Beastly Appendage     Tmut           ###...       3%          1    None
k - Sticks to Snakes      Tmut           ###.....     4%          2    #......
p - Spider Form           Tmut/Pois      ##........   17%         3    ###....


Dungeon Overview and Level Annotations

Branches:
Dungeon (3/15)

Altars:

Annotations:
D:3 Ijyb


Innate Abilities, Weirdness & Mutations

Your experience applies equally to all skills.
You have very sharp teeth.
Your uncanny sense of smell can sniff out nearby items.


Message History

Your feet morph into talons.
A worm and a hobgoblin come into view.
Found an escape hatch in the floor.
Unknown command.
The helpless giant cockroach fails to defend itself.
You hit the giant cockroach.
You kill the giant cockroach!
There is a stone staircase leading down here.
The helpless rat fails to defend itself.
You hit the rat.
You kill the rat!
You punch the rat!
You kill the rat!
There is a stone staircase leading up here.
Your transformation is almost over.
You climb upwards.
Found a leather armour and 10 gold pieces.
There is a stone staircase leading down here.
You see here 10 gold pieces.
You now have 67 gold pieces (gained 10).
Your talons disappear.
Found 24 stones.
Found a ration.
Found an escape hatch in the floor.
You see here a ration.
You eat the ration.
That ration really hit the spot!
There is an escape hatch in the floor here.
You slide downwards.
The hatch slams shut behind you.
A frilled lizard and 4 orcs come into view.
An orc wizard is wielding a dagger of venom.
Unknown command.
An adder comes into view.
Casting: Beastly Appendage
Confirm with . or Enter, or press ? or * to list all spells.
You turn into a venomous arachnid creature.
The cursed -1 helmet of Free Expression {rPois Stlth+} melds into your body.
Your +0 robe melds into your body.
Casting: Spider Form
Confirm with . or Enter, or press ? or * to list all spells.
You miscast Sticks to Snakes.
You are very lightly contaminated with residual magic.
You feel a strange surge of energy!
Casting: Sticks to Snakes
Confirm with . or Enter, or press ? or * to list all spells.
You create a snake!
You now have 11 arrows.
Unknown command.
Your ball python bites the adder.
Your ball python grabs the adder.
Your ball python constricts the adder.
The adder barely misses your ball python.
The orc priest mumbles some strange prayers to Beogh against you.
Pain shoots through your body!
You bite the orc priest!
The orc priest is poisoned.
The orc priest is severely wounded.
Your ball python barely misses the adder.
Your ball python constricts the adder.
The adder bites your ball python.
Your ball python dies!
The orc priest hits you but does no damage.
The adder hisses angrily.
You hit the orc priest.
You kill the orc priest!
Your Short Blades skill increases to level 1!
Your Long Blades skill increases to level 1!
Your Axes skill increases to level 1!
Your Maces & Flails skill increases to level 1!
Your Polearms skill increases to level 1!
Your Staves skill increases to level 1!
Your Slings skill increases to level 1!
Your Bows skill increases to level 1!
Your Crossbows skill increases to level 1!
Your Throwing skill increases to level 1!
Your Armour skill increases to level 1!
Your Stealth skill increases to level 1!
Your Shields skill increases to level 1!
Your Evocations skill increases to level 1!
You have reached level 4!
You feel stronger.
Things that are here:
a whip; a leather armour; an orc corpse Your transformation is almost over.
You bite the adder!
You kill the adder!
Ijyb the Twisted Goblin comes into view.
She is wielding a dagger.
Ijyb shouts!
Found a scroll labeled JEAFFER HEMA.
Casting: Sticks to Snakes
Confirm with . or Enter, or press ? or * to list all spells.
You create a snake!
You now have 10 arrows.
Your ball python misses Ijyb.
Your ball python barely misses Ijyb.
Ijyb completely misses you.
You barely miss Ijyb.
Your ball python barely misses Ijyb.
Your ball python grabs Ijyb.
Your ball python constricts Ijyb.
You bite Ijyb!
Ijyb is poisoned.
Ijyb is moderately wounded.
Your transformation has ended.
The cursed -1 helmet of Free Expression {rPois Stlth+} unmelds from your body.
Your +0 robe unmelds from your body.
Ijyb zaps a wand.
The bolt of acid hits you!
* * * LOW HITPOINT WARNING * * *
You are splashed with acid!
The acid burns!
Ouch! That really hurt!
You die...

....o.. ..#
.o.....##.## # .......
... + o...... #.## #
......l #.†# #
.......###.#######.###
∆
..........)...........
###########.#........#
#.#.@g.....#
#...?S.....#
##.........#
#.........# ∆
#..###....# .... ....#
###.. ...# ## ...#


You could see Ijyb and a friendly ball python.

Vanquished Creatures
  An orc priest (D:3)
  Robin (D:2)
  2 adders
  A worm (D:2)
  2 giant cockroaches
  8 goblins
  7 hobgoblins
  A frilled lizard (D:1)
  3 rats
26 creatures vanquished.

Notes
Turn   | Place    | Note
-------+----------+-------------------------------------------
     0 | D:1      | tidbits the Gnoll Transmuter began the quest for the Orb.
     0 | D:1      | Reached XP level 1. HP: 17/17 MP: 6/6
   124 | D:2      | Reached XP level 2. HP: 23/23 MP: 5/7
   128 | D:2      | Learned a level 2 spell: Sticks to Snakes
   189 | D:2      | Noticed Robin
   198 | D:2      | Reached XP level 3. HP: 14/28 MP: 2/9
   205 | D:2      | Reached skill level 5 in Spellcasting
   220 | D:2      | Killed Robin
   220 | D:2      | Reached skill level 1 in Invocations
   225 | D:2      | Got a dazzling helmet
   238 | D:2      | Identified the cursed -1 helmet of Free Expression {rPois Stlth+} (You took it off Robin on level 2 of the Dungeon)
   242 | D:2      | Learned a level 3 spell: Spider Form
   294 | D:3      | Noticed an orc warrior
   305 | D:3      | Reached skill level 1 in Short Blades
   305 | D:3      | Reached skill level 1 in Long Blades
   305 | D:3      | Reached skill level 1 in Axes
   305 | D:3      | Reached skill level 1 in Maces & Flails
   305 | D:3      | Reached skill level 1 in Polearms
   305 | D:3      | Reached skill level 1 in Staves
   305 | D:3      | Reached skill level 1 in Slings
   305 | D:3      | Reached skill level 1 in Bows
   305 | D:3      | Reached skill level 1 in Crossbows
   305 | D:3      | Reached skill level 1 in Throwing
   305 | D:3      | Reached skill level 1 in Armour
   305 | D:3      | Reached skill level 1 in Stealth
   305 | D:3      | Reached skill level 1 in Shields
   305 | D:3      | Reached skill level 1 in Evocations
   305 | D:3      | Reached XP level 4. HP: 22/34 MP: 2/11
   310 | D:3      | Noticed Ijyb
   315 | D:3      | Splashed by Ijyb's acid

Skill      XL: |  1  2  3 |
---------------+----------+-----
Spellcasting   | 5 |  5.1
Invocations    | 1 |  1.2
Short Blades   | 1 |  1.1
Long Blades    | 1 |  1.1
Axes           | 1 |  1.1
Maces & Flails | 1 |  1.1
Polearms       | 1 |  1.1
Staves         | 1 |  1.1
Slings         | 1 |  1.1
Bows           | 1 |  1.1
Crossbows      | 1 |  1.1
Throwing       | 1 |  1.1
Armour         | 1 |  1.1
Stealth        | 1 |  1.1
Shields        | 1 |  1.1
Evocations     | 1 |  1.1
Fighting       | |  2.7
Dodging        | |  4.6
Unarmed Combat | |  6.6
Conjurations   | |  0.9
Hexes          | |  0.9
Charms         | |  0.9
Summonings     | |  0.9
Necromancy     | |  0.9
Translocations | |  0.9
Transmutations | |  3.8
Fire Magic     | |  0.9
Ice Magic      | |  0.9
Air Magic      | |  0.9
Earth Magic    | |  0.9
Poison Magic   | |  0.9

Action                   |  1- 3 |  4- 6 || total
-------------------------+-------+-------++-------
Melee: Unarmed           |    51 |     3 ||    54
       Headbutt          |     8 |       ||     8
       Punch             |     2 |       ||     2
       Bite              |     4 |       ||     4
 Cast: Beastly Appendage |     6 |       ||     6
       Sticks to Snakes  |     1 |     1 ||     2
       Spider Form       |     1 |       ||     1
 Stab: Sleeping          |     2 |       ||     2
  Eat: Ration            |     1 |       ||     1
Armor: Robe              |     1 |       ||     1
       Skin              |     1 |       ||     1
Dodge: Dodged            |    19 |     1 ||    20

Table legend:
 A = Turns spent in this place as a percentage of turns spent in the entire game.
 B = Non-inter-level travel turns spent in this place as a percentage of non-inter-level travel turns spent in the entire game.
 C = Inter-level travel turns spent in this place as a percentage of turns spent in this place.
 D = Turns resting spent in this place as a percentage of non-inter-level travel turns spent in this place.
 E = Turns spent auto-exploring this place as a percentage of non-inter-level travel turns spent in this place.
 F = Non-inter-level travel turns spent in this place divided by the number of levels of this place that you've seen.
                   A       B       C       D       E      F
               +-------+-------+-------+-------+-------+----------------------
         Total | 100.0 | 100.0 |   0.0 |   0.0 |   0.0 | 105.0
       Dungeon | 100.0 | 100.0 |   0.0 |   0.0 |   0.0 | 105.0
               +-------+-------+-------+-------+-------+----------------------

Table legend:
 A = Kills in this place as a percentage of kills in entire the game.
 B = Kills by you in this place as a percentage of kills by you in the entire game.
 C = Kills by friends in this place as a percentage of kills by friends in the entire game.
 D = Other kills in this place as a percentage of other kills in the entire game.
 E = Experience gained in this place as a percentage of experience gained in the entire game.
 F = Experience gained in this place divided by the number of levels of this place that you have seen.
                   A       B       C       D       E      F
               +-------+-------+-------+-------+-------+----------------------
         Total | 100.0 | 100.0 |   N/A |   N/A | 100.0 |  40.0
       Dungeon | 100.0 | 100.0 |   N/A |   N/A | 100.0 |  40.0
               +-------+-------+-------+-------+-------+----------------------

Vault maps used:
D:1:      mushboom_english_gardens
D:2:      minmay_misc_feat_five, uniq_robin
D:3:      okawaru_metal_pillars_3, marbit_many_paths, first_ration, uniq_ijyb
